Unix NetHack Version 5.0.0-0 post-release - last build May 23 2026 06:08:33 (1c0ff79ee797540d5714e4e18072db0edd9e58ae,branch:main).

Game began 2026-05-25 23:07:02, ended 2026-05-26 01:03:58.

Conradmonkey, neutral male gnomish Wizard

                                                 ---------      -----
                                   --------     #-....<..|      |..)|
                 ----------        |......|     #|.......|      |...-#
                 |.*...?(.|       #...%...|     #|.......|     #.`..|#
                 |.*......|       #|......|     #|........#    #-----#
                 |[.......|      ##|......-#    #---.-----#    #     #
                 |..>.....|     ## |......|#    #   #######   ##     #
              ###....(....|  ####  --------#    #        #`   #      #
              #  -------.--  #             #    ##       #`   #      #
              #         #    #             #     ##      @%####      #
  -----   #####       ###    #            ##      #      #B# ##      #
  |!!.-####           #    ###            #       #    ----.-#     ###
  |!!.|            ---.----#             ##       #    |....|##### #--------
  |!!.|            |.......#             #--------(    |...Z|#   # #|......|
  -----            |......|              #-.......#    |....|#   # #|......|
                   |.....*|      #######  |......|     |[....#   ###|......|
                   --------            ###.......|     ------      #-......|
                                          --------                  |......|
                                                                    --------

Conradmonkey the Conjurer  St:10 Dx:16 Co:16 In:17 Wi:9 Ch:10  Neutral
Dlvl:2  $:40 HP:0(32) Pw:38(38) AC:5  Xp:4 T:4831  Fainted  Deaf

Latest messages:
 You can hear again.
 You faint from lack of food.
 You regain consciousness.
 You faint from lack of food.
 You regain consciousness.
 You can hear again.
 You faint from lack of food.
 You regain consciousness.
 You can hear again.
 You faint from lack of food.
 You regain consciousness.
 You faint from lack of food.
 You regain consciousness.
 You see here a chest.
 You faint from lack of food.
 You regain consciousness.
 You faint from lack of food.
 You regain consciousness.
 You can hear again.
 You faint from lack of food.
 You regain consciousness.
 You faint from lack of food.
 You regain consciousness.
 You faint from lack of food.
 You regain consciousness.
 You swap places with your kitten.
 You faint from lack of food.
 You regain consciousness.
 You can hear again.
 You faint from lack of food.
 You regain consciousness.
 You can hear again.
 You faint from lack of food.
 The kitten bites the lichen.
 The lichen is killed!
 The giant bat bites!
 The giant bat bites!
 The giant bat bites!
 The giant bat bites!
 The giant bat bites!
 The kitten starves.
 The giant bat bites!
 The giant bat bites!
 The giant bat bites!
 You die...
 Do you want your possessions identified? [ynq] (y) y
 Do you want to see your attributes? [ynq] (y) y
 Do you want an account of creatures vanquished? [ynaq] (y) y
 Do you want to see your conduct and achievements? [ynq] (y) y
 Do you want to see the dungeon overview? [ynq] (y) y

Inventory:
 Coins    ('$')
  $ - 40 gold pieces
 Weapons  (')')
  a - a blessed +1 quarterstaff (weapon in hands)
 Armor    ('[')
  t - a blessed +1 orcish helm (being worn)
  b - an uncursed +0 cloak of magic resistance (being worn)
  s - an uncursed +0 leather armor (being worn)
 Scrolls  ('?')
  i - a blessed scroll of gold detection
  u - an uncursed scroll of identify
  k - 2 uncursed scrolls of magic mapping
  j - an uncursed scroll of stinking cloud
 Spellbooks  ('+')
  l - a blessed spellbook of force bolt
  m - an uncursed spellbook of remove curse
 Potions  ('!')
  h - a blessed potion of extra healing
  g - 6 uncursed potions of healing
  q - an uncursed potion of paralysis
  f - an uncursed potion of see invisible
 Rings    ('=')
  d - an uncursed ring of protection from shape changers
  e - an uncursed ring of see invisible (on right hand)
 Wands    ('/')
  c - a wand of create monster (0:14)
 Tools    ('(')
  n - a magic marker (0:22)

Conradmonkey the Wizard's attributes:

Background:
 You were a Conjurer, a level 4 male gnomish Wizard.
 You were neutral, on a mission for Thoth
 who was opposed by Ptah (lawful) and Anhur (chaotic).
 You were right-handed.
 You were in the Dungeons of Doom, on level 2.
 You entered the dungeon 4831 turns ago.
 It was nighttime.
 You had 159 experience points, 1 more was needed to attain level 5.

Basics:
 You had 0 out of 32 hit points.
 You had all 38 energy points (spell power).
 Your armor class was 5.
 Your wallet contained 40 zorkmids.
 Autopickup was off.

Final Characteristics:
 Your strength was 10 (base:11, limit:18/50).
 Your dexterity was 16 (limit:18).
 Your constitution was 16 (limit:18).
 Your intelligence was 17 (limit:19).
 Your wisdom was 9 (peak:10, limit:18).
 Your charisma was 10 (limit:18).

Final Status:
 You were deaf.
 You were fainted due to starvation.
 You were unencumbered.
 You were wielding a quarterstaff.
 You had basic skill with quarterstaff.

Final Attributes:
 You were piously aligned.
 You were magic-protected.
 You saw invisible.
 You had infravision.
 You aggravated monsters.
 You were warded.
 You were fast.
 You were unlucky.
 Thoth was angry with you.
 You are dead.

Miscellaneous:
 You didn't encounter any bones levels.
 Total elapsed playing time was 1 hour, 22 minutes and 53 seconds.

Major events:
 Turn
    1: Conradmonkey the neutral male gnomish Wizard entered the dungeon
  838: attained the rank of Conjurer (level 3)
 4831: killed by a giant bat, while fainted from lack of food

Spells:
 Name                 Level Category     Fail Retention
 force bolt             1   attack         0%   71%-80%
 remove curse           3   clerical      94%  76%-100%

Skills:
 Fighting Skills
   bare handed combat [Unskilled]
   riding             [Unskilled]
 Weapon Skills
   dagger             [Unskilled]
   knife              [Unskilled]
   axe                [Unskilled]
   short sword        [Unskilled]
   club               [Unskilled]
   mace               [Unskilled]
   quarterstaff       [Basic]
   polearms           [Unskilled]
   spear              [Unskilled]
   trident            [Unskilled]
   sling              [Unskilled]
   dart               [Unskilled]
   shuriken           [Unskilled]
 Spellcasting Skills
   attack spells      [Basic]
   healing spells     [Unskilled]
   divination spells  [Unskilled]
   enchantment spells [Basic]
   clerical spells    [Unskilled]
   escape spells      [Unskilled]
   matter spells      [Unskilled]

Voluntary challenges:
 Character rerolling was not enabled.
 You never genocided any monsters.
 You never polymorphed an object.
 You never changed form.
 You used no wishes.
Achievements:
 You attained the rank of Conjurer.
 You entered a shop.

 The Dungeons of Doom: levels 1 to 2
    Level 1:
       An altar, a fountain.
    Level 2: <- You were here.
       A potion shop.
       Final resting place for
          you, killed by a giant bat, while fainted from lack of food.


Vanquished creatures:
  a shrieker
  a little dog
  a floating eye
  a kitten
  2 giant bats
  2 orc zombies
  2 wererats
  a werejackal
  2 iguanas
  2 acid blobs
  a gas spore
  3 hobbits
  a hobgoblin
  a green mold
  a red mold
  2 garter snakes
  8 geckos
  5 jackals
  a fox
  5 goblins
  5 grid bugs
  2 bats
  5 lichens
  a kobold zombie
  8 newts
64 creatures vanquished.

No species were genocided or became extinct.

Game over:
                       ----------
                      /          \
                     /    REST    \
                    /      IN      \
                   /     PEACE      \
                  /                  \
                  |   Conradmonkey   |
                  |      40 Au       |
                  |   killed by a    |
                  |    giant bat     |
                  |                  |
                  |                  |
                  |       2026       |
                 *|     *  *  *      | *
        _________)/\\_//(\/(/\)/\//\/|_)_______

Goodbye Conradmonkey the Wizard...

You died in The Dungeons of Doom on dungeon level 2 with 914 points,
and 40 pieces of gold, after 4831 moves.
You were level 4 with a maximum of 32 hit points when you died.

